 Dungeon Crawl Stone Soup version 0.28.0-47-ge53b351184 (webtiles) character file.

Game seed: 16382127109855217209

37 Allula97 the Insei (level 3, -8/23 HPs)
             Began as an Octopode Transmuter on May 8, 2022.
             Killed by divine providence
             ... invoked by an orc priest
              (12 damage)
             ... on level 2 of the Dungeon.
             The game lasted 00:01:53 (1248 turns).

Allula97 the Insei (Octopode Transmuter)            Turns: 1248, Time: 00:01:55

Health: -8/23      AC:  1    Str:  9    XL:     3   Next: 41%
Magic:  6/6        EV: 13    Int: 15    God:
Gold:   73         SH:  0    Dex: 14    Spells: 5/6 levels left

rFire   . . .      SeeInvis .     - Unarmed
rCold   . . .      Faith    .   (no shield)
rNeg    . . .      Spirit   .   (helmet restricted)
rPois   .          Reflect  .   (no amulet)
rElec   .          Harm     .   (no ring)
rCorr   .          Rampage  .   (no ring)
Will    .....                   (no ring)
Stlth   +++.......              (no ring)
HPRegen 0.07/turn               (no ring)
MPRegen 0.10/turn               (no ring)
                                (no ring)
                                (no ring)

@: no status effects
A: almost no armour, amphibious, 8 rings, camouflage 1, gelatinous body 1,
(nimble swimmer 1), tentacles
a: no special abilities


You were on level 2 of the Dungeon.
You visited 1 branch of the dungeon, and saw 2 of its levels.

You collected 73 gold pieces.

Inventory:

Scrolls
 a - a scroll of vulnerability {unknown}
 c - a scroll of identify {unknown}
 d - a scroll of immolation {unknown}
 e - a scroll of enchant weapon {unknown}
Potions
 b - 2 potions of resistance {unknown}


   Skills:
 * Level 1.3 Fighting
 * Level 2.3 Dodging
 * Level 1.1 Stealth
 * Level 3.7 Unarmed Combat
 * Level 2.0 Spellcasting
 * Level 2.1 Transmutations


You had 5 spell levels left.
You knew the following spells:

 Your Spells              Type           Power      Damage    Failure   Level
a - Beastly Appendage     Tmut           16%        N/A       9%          1

Your spell library contained the following spells:

 Spells                   Type           Power      Damage    Failure   Level
 Wereblood                Tmut           8%         N/A       14%         2
 Spider Form              Tmut/Pois      4%         N/A       38%         3
 Ice Form                 Ice/Tmut       4%         N/A       80%         4


Dungeon Overview and Level Annotations

Branches:
Dungeon (2/15)

Altars:


Innate Abilities, Weirdness & Mutations

You cannot wear most types of armour.
You are amphibious.
You can wear up to eight rings at the same time.
Your skin changes colour to match your surroundings (Stealth+).
Your rubbery body absorbs attacks. (AC +1, EV +1)
((You are camouflaged when in or above water. (Stealth+)))
You have tentacles for arms and can constrict up to eight enemies at once.


Message History

a +0 trident; a +0 leather armour; an orc corpse You tentacle-slap the orc priest but do no damage.
You grab the orc priest.
You pierce the orc priest.
You tentacle-slap the orc priest, but do no damage.
Your squeeze misses the orc priest.
The orc priest is lightly wounded.
You constrict the orc priest, but do no damage.
The orc priest barely misses you.
You tentacle-slap the orc priest but do no damage.
You pierce the orc priest, but do no damage.
The orc priest is lightly wounded.
You constrict the orc priest, but do no damage.
The orc priest barely misses you.
You completely miss the orc priest.
The orc priest is lightly wounded.
You constrict the orc priest. The orc priest closely misses you.
You tentacle-slap the orc priest but do no damage.
You squeeze the orc priest.
The orc priest is lightly wounded.
You constrict the orc priest, but do no damage.
The orc priest closely misses you.
You tentacle-slap the orc priest.
The orc priest is heavily wounded.
Your tentacle spike disappears.
You constrict the orc priest, but do no damage.
The orc priest hits you with a +0 trident.
* * * LOW HITPOINT WARNING * * *
You tentacle-slap the orc priest but do no damage.
The orc priest is heavily wounded.
You constrict the orc priest.
The orc priest mumbles some strange prayers to Beogh against you.
Pain shoots through your body!
* * * LOW HITPOINT WARNING * * *
You tentacle-slap the orc priest.
The orc priest is almost dead.
You constrict the orc priest, but do no damage.
The orc priest mumbles some strange prayers to Beogh against you.
Beogh smites you!
Ouch! That really hurt!
You die...

########## #........#
#........# #.<......#
#........#
...###†.......##
..............)#########
...............)@o{.>...
...####.################
.. #.# . #.# ..# #.# .#


You could see an orc priest.

Vanquished Creatures
  3 orcs (D:2)
  An endoplasm (D:2)
  A giant cockroach (D:1)
  3 goblins (D:1)
  4 hobgoblins (D:1)
  3 quokkas (D:1)
  2 ball pythons (D:1)
  5 bats (D:1)
  3 frilled lizards
  3 kobolds (D:1)
  7 rats
35 creatures vanquished.

Vanquished Creatures (others)
  4 toadstools (D:1)
4 creatures vanquished.

Grand Total: 39 creatures vanquished

Notes
Turn   | Place    | Note
-------+----------+-------------------------------------------
     0 | D:1      | Allula97 the Octopode Transmuter began the quest for the
                  | Orb.
     0 | D:1      | Reached XP level 1. HP: 13/13 MP: 3/3
   139 | D:1      | Reached XP level 2. HP: 14/18 MP: 3/5
   884 | D:1      | Reached XP level 3. HP: 23/23 MP: 6/6
  1196 | D:2      | Reached skill level 1 in Stealth
  1248 | D:2      | Killed from afar by an orc priest

Illustrated notes

Levels and vault maps discovered:
D:1:      ldierk_walled_garden_2, layout_basic
D:2:      layout_basic, uniq_natasha, uniq_jessica

Skill      XL: |  1  2  3 |
---------------+----------+-----
Stealth        | 1 |  1.1
Fighting       | |  1.3
Dodging        | |  2.3
Unarmed Combat | |  3.7
Spellcasting   | |  2.0
Transmutations | |  2.1

Action                   || total
-------------------------++-------
Melee: Unarmed           ||    88
       Constrict         ||    21
       Tentacles         ||    14
       Kick              ||    11
       Punch             ||     3
 Cast: Beastly Appendage ||     2
 Stab: Sleeping          ||     7
Armor: Skin              ||     8
Dodge: Dodged            ||    59
